AoeStats
← DaaS

Scandinavia

510419146Analyzed
1v1 RM · 2d ago on Sep 30, 2026· 59m 25s· 2 players
Game mode
Random Map
Map size
Tiny (2 player)
Population
200
Speed
Normal
Resources
Standard
Victory
Conquest
Starting age
Dark Age
Ending age
Imperial Age
RankedLock teamsTeams togetherTeam positionsShared explorationLock speedFull tech treeHidden civsTurbo modeCheats
Victory
Defeat
🇺🇸 Varangians · United States
1110
+17
🇵🇪 Franks · Peru
1132
-17
oh...it's...ken..
8:45 Loom
10:47 Feudal Age
11:49 Double-Bit Axe
20:23 Castle Age
19:05 Bloodlines
20:11 Forging
21:55 Bow Saw
25:20 Squires
26:22 Arson
28:28 Wheelbarrow
29:20 Husbandry
28:42 Light Cavalry
30:57 Husbandry
31:22 Horse Collar
31:32 Gambesons
34:17 Hand Cart
34:07 Gambesons
34:28 Scale Mail Armor
37:30 Iron Casting
40:25 Chain Mail Armor
40:17 Scale Barding Armor
43:16 Imperial Age
40:30 Vendel Legacy
40:54 Pikeman
43:01 Chain Barding Armor
44:04 Cavalier
45:07 Conscription
44:49 Gold Mining
49:54 Elite Jarl
52:07 Elite Varangian Guard
52:10 Gothikon
55:23 Blast Furnace
DaaS
1:29 Loom
11:46 Feudal Age
17:17 Castle Age
15:30 Fletching
16:01 Double-Bit Axe
21:33 Husbandry
34:30 Gold Mining
34:34 Stone Mining
40:27 Bow Saw
43:32 Imperial Age
42:10 Masonry
42:21 Ballistics
41:57 Murder Holes
42:19 Ordonnance Companies
45:12 Wheelbarrow
44:24 Town Watch
44:16 Elite Throwing Axeman
48:43 Pikeman
49:25 Squires
49:11 Arson
50:39 Chemistry
50:10 Architecture
49:51 Gambesons
51:40 Arrowslits
52:08 Fortified Wall
54:50 Forging
54:42 Scale Mail Armor
56:55 Halberdier
Connection lost

Rejoining the realm…

Still unreachable

The connection could not be restored.

Session expired

The server has moved on; the page needs a fresh start.